 Dungeon Crawl Stone Soup version 0.29.1-1-gd02db6906a (webtiles) character file.

Game seed: 6884545473717399989

378 KamiKatze the Chopper (level 6, -1/51 HPs)
             Began as a Palentonga Berserker on Oct 11, 2022.
             Was a Believer of Trog.
             Slain by a jelly (2 damage)
             ... on level 4 of the Dungeon.
             The game lasted 00:08:19 (2298 turns).

KamiKatze the Chopper (Palentonga Berserker)        Turns: 2298, Time: 00:08:20

Health: -1/51      AC: -4    Str: 25    XL:     6   Next: 45%
Magic:  6/6        EV:  9    Int:  7    God:    Trog [**....]
Gold:   91         SH:  0    Dex: 15    Spells: 5/5 levels left

rFire   . . .      SeeInvis +   a - +0 hand axe
rCold   . . .      Faith    .   (no shield)
rNeg    . . .      Spirit   .   o - +0 scale mail
rPois   .          Reflect  .   l - +0 helmet
rElec   .          Harm     .   (no cloak)
rCorr   .          Rampage  .   (no gloves)
Will    .....                   (no barding)
Stlth   ..........              (no amulet)
HPRegen 0.17/turn               i - +6 ring of dexterity
MPRegen 0.10/turn               y - +4 ring of protection

@: corroded
A: large, rugged brown scales 3, see invisible, deformed body, roll 1, armoured
tail
a: Rolling Charge, Renounce Religion, Berserk, Trog's Hand


You were on level 4 of the Dungeon.
You worshipped Trog.
Trog was pleased with you.
You visited 1 branch of the dungeon, and saw 4 of its levels.

You collected 91 gold pieces.

Inventory:

Hand Weapons
 a - a +0 hand axe (weapon)
 u - a +0 trident
Missiles
 g - 2 curare-tipped darts (quivered)
 t - 7 poisoned darts
Armour
 b - a +0 animal skin
 l - a +0 helmet (worn)
 o - a +0 scale mail (worn)
 p - a +0 plate armour
Jewellery
 e - a ring of flight
 i - a +6 ring of dexterity (left hand)
 m - a +6 ring of dexterity
 y - a +4 ring of protection (right hand)
Scrolls
 c - a scroll of fear
 h - 2 scrolls of poison {unknown}
 k - a scroll of brand weapon {unknown}
 r - 3 scrolls of teleportation
 s - a scroll of enchant weapon {unknown}
 v - a scroll of amnesia {unknown}
 x - a scroll of torment {unknown}
Potions
 d - a potion of mutation
 f - a potion of haste
 j - a potion of curing
 n - a potion of ambrosia {unknown}
 q - a potion of heal wounds {unknown}
 w - a potion of degeneration {unknown}


   Skills:
 + Level 4.1 Fighting
 * Level 5.1 Axes
 + Level 2.9 Armour
 + Level 2.9 Dodging


You had 5 spell levels left.
You didn't know any spells.
Your spell library was empty.

Dungeon Overview and Level Annotations

Branches:
Dungeon (4/15)
 Temple: D:4-7

Altars:
Elyvilon


Innate Abilities, Weirdness & Mutations

You are completely covered in rugged brown scales. (AC +3, +7% HP)
You have supernaturally acute eyesight. (SInv)
Armour fits poorly on your strangely shaped body.
You can roll at nearby foes to attack.
You have a long armoured tail.


Message History

Roll where?
Press: ? - help, Dir - move target, f - jelly
Aim: a jelly You roll forward with a clatter of scales!
You hit the jelly but do no damage.
Your hands burn!
The jelly closely misses you.
Unknown command.
You hit the jelly.
Your hands burn!
The jelly is heavily wounded.
A scorpion comes into view.
The jelly hits you.
You are splashed with acid!
You hit the jelly. The acid corrodes you!
Your hands burn!
The jelly is severely wounded.
An iguana comes into view.
The jelly barely misses you.
The iguana hisses angrily.
You hit the jelly. The acid corrodes you!
Your hands burn!
The jelly is almost dead.
The jelly hits you but does no damage.
You are too injured to fight recklessly!
You hit the jelly but do no damage.
Your hands burn!
The jelly is almost dead.
The jelly closely misses you.
You hit the jelly but do no damage. The acid corrodes you!
Your hands burn!
The jelly is almost dead.
The jelly hits you. The acid corrodes you!
You are splashed with acid.
* * * LOW HITPOINT WARNING * * *
Unknown command.
You fail to use your ability.
The jelly hits you.
* * * LOW HITPOINT WARNING * * *
You are splashed with acid!
* * * LOW HITPOINT WARNING * * *
You hit the jelly but do no damage.
Your hands burn!
* * * LOW HITPOINT WARNING * * *
You tail-slap the jelly.
The jelly is almost dead.
You hit the scorpion but do no damage. The scorpion stings you.
* * * LOW HITPOINT WARNING * * *
The jelly hits you.
You die...

###
###.##########
##..)[[<...>...
#...).########.
###....)#
.....⌠.@#
###....sJ#
#........
#####l#### #.#
#. #.# ##. #.#
##..# #.#
##...## #.


You could see a scorpion, an iguana and a jelly.

Vanquished Creatures
  An ogre (D:4)
  A phantom (D:3)
  2 howler monkeys (D:4)
  2 orc wizards (D:4)
  4 adders
  An ufetubus (D:4)
  7 orcs
  4 bats (D:2)
  2 endoplasms (D:3)
  2 giant cockroaches
  5 hobgoblins
  9 kobolds
  4 quokkas
  2 ball pythons
  5 frilled lizards
  A goblin (D:2)
  3 rats
55 creatures vanquished.

Vanquished Creatures (others)
  7 plants (D:3)
7 creatures vanquished.

Grand Total: 62 creatures vanquished

Notes
Turn   | Place    | Note
-------+----------+-------------------------------------------
     0 | D:1      | KamiKatze the Palentonga Berserker began the quest for the
                  | Orb.
     0 | D:1      | Reached XP level 1. HP: 19/19 MP: 1/1
   101 | D:1      | Found a faded altar of an unknown god.
   167 | D:1      | You fall into a shaft and drop 1 floor!
   186 | D:2      | Reached XP level 2. HP: 22/25 MP: 2/2
   463 | D:2      | Reached XP level 3. HP: 28/31 MP: 3/3
  1417 | D:3      | Reached XP level 4. HP: 22/37 MP: 4/4
  1633 | D:3      | Reached ** piety under Trog
  1845 | D:4      | Reached skill level 4 in Axes
  1914 | D:4      | Reached XP level 5. HP: 43/44 MP: 5/5
  1954 | D:4      | Noticed a phantom
  2026 | D:4      | Found a white marble altar of Elyvilon.
  2028 | D:4      | Noticed an ogre
  2052 | D:3      | Killed a phantom
  2178 | D:4      | Noticed an ogre
  2189 | D:4      | Killed an ogre
  2190 | D:4      | Reached skill level 5 in Axes
  2190 | D:4      | Reached XP level 6. HP: 51/51 MP: 6/6
  2298 | D:4      | HP: 1/51 [scorpion (5)]
  2298 | D:4      | Slain by a jelly

Illustrated notes

Levels and vault maps discovered:
D:1:      heliophobic_arrival_battle_scene, layout_basic,
          ebering_ecumenical_altar_mist, st_stairs_4, corner_web_ring,
          hex_intersection, nrook_campfire
D:2:      layout_rooms
D:3:      layout_basic, serial_bayou_pond_c
D:4:      layout_loops_ring, mainiacjoe_overflow_alcove_2, solitary_fountain,
          minmay_hedge_maze

Skill      XL: |  1  2  3  4  5 |
---------------+----------------+-----
Dodging        | 2 |  2.9
Armour         | 2 |  2.9
Axes           | 4 5 |  5.1
Fighting       | 4 |  4.1

Action                   |  1- 3 |  4- 6 || total
-------------------------+-------+-------++-------
Melee: Hand axe          |    89 |    64 ||   153
       Tailslap          |     7 |    10 ||    17
       Punch             |     1 |       ||     1
Throw: Dart              |       |     2 ||     2
Invok: Berserk           |     2 |     2 ||     4
       Trog's Hand       |       |     1 ||     1
 Abil: Rolling Charge    |    26 |     7 ||    33
  Use: Scroll            |     1 |     6 ||     7
Armor: Animal skin       |    12 |       ||    12
       Scale mail        |    11 |    28 ||    39
Dodge: Dodged            |    47 |    34 ||    81
